[Event "Titled Tuesday Blitz November 22 Late 2022"]
[White "Guzman, Christopher"]
[Black "Al-Tarboush, Ward"]
[WhiteFideId "6405096"]
[BlackFideId "7601450"]
[WhiteElo "2272"]
[BlackElo "2273"]
[Result "0-1"]
[Round "11"]
[TimeControl "180+1"]
[Date "2022.11.23"]
[WhiteClock "0:02:27"]
[BlackClock "0:02:15"]

1. e4 c5 2. Nf3 Nc6 3. d4 cxd4 4. Nxd4 Nf6 5. Nc3 e5 6. Ndb5 d6 7. Bg5 a6 8. Na3 b5 9. Nd5 Be7 10. Bxf6 Bxf6 11. c3 Bg5 12. Nc2 Rb8 13. a4 bxa4 14. Ncb4 Nxb4 15. Nxb4 Bd7 16. Nxa6 Rxb2 17. Bd3 Bd2+ 18. Kf1 O-O 19. Bc2 Bxc3 20. Bxa4 Be6 21. Qd3 Bd4 22. Bc2 Qc8 23. Qd1 Qxc2 0-1


[Site "https://www.chess.com"]

[Event "Titled Tuesday Blitz November 22 Late 2022"]
[White "Haszon, David"]
[Black "Besedes, Danilo"]
[WhiteFideId "733610"]
[BlackFideId "946796"]
[WhiteElo "2211"]
[BlackElo "2352"]
[Result "1-0"]
[Round "11"]
[TimeControl "180+1"]
[Date "2022.11.23"]
[WhiteClock "0:00:12"]
[BlackClock "0:00:03"]

1. e4 d6 2. d4 e5 3. Nf3 Nd7 4. Bc4 Be7 5. dxe5 Nxe5 6. Nxe5 dxe5 7. Qh5 g6 8. Qxe5 Nf6 9. Bh6 Rg8 10. Bg5 Kf8 11. Nc3 Qd6 12. Qxd6 cxd6 13. O-O-O Be6 14. Bh6+ Ke8 15. Nd5 Nxd5 16. Bxd5 Rb8 17. Be3 b6 18. Bc6+ Kd8 19. Rd3 Rc8 20. Bb7 Rc7 21. Bd5 Kc8 22. Rhd1 Rd8 23. Bf4 Bxd5 24. Rxd5 Rc6 25. c3 f6 26. Kc2 a6 27. f3 b5 28. R1d4 Kd7 29. a4 bxa4 30. Rxa4 Ke6 31. Rda5 Ra8 32. Bd2 Bd8 33. Rd5 Bb6 34. b4 Bc7 35. Kb3 Rb8 36. Be3 Rb7 37. Rd2 f5 38. exf5+ gxf5 39. Rda2 a5 40. Bd2 Bd8 41. Rb2 axb4 42. Rxb4 Ra7 43. Kc2 Bf6 44. Kd3 Ra3 45. R2b3 Ra1 46. Rb6 Rxb6 47. Rxb6 Rg1 48. g3 Rg2 49. Bf4 Be5 50. Bxe5 Kxe5 51. Rb5+ Ke6 52. Rb7 Rxh2 53. Rg7 Rh3 54. Ke3 h5 55. Kf4 h4 56. Rg6+ Kf7 57. Rxd6 hxg3 58. Rd1 g2 59. Rg1 Rh5 60. Rxg2 Kf6 61. Rb2 Rh4+ 62. Ke3 Rc4 63. Kd3 Rc6 64. c4 Ke5 65. Rb5+ Kf4 66. Kd4 Rc8 67. Rd5 Ra8 68. c5 Ra1 69. c6 Rd1+ 70. Kc4 Rc1+ 71. Kb5 Rc3 72. Rc5 Rxf3 73. c7 Rb3+ 74. Kc6 Re3 75. c8=Q Kf3 76. Qxf5+ Ke2 77. Rc2+ Kd1 78. Rh2 Ke1 79. Qb1# 1-0


[Site "https://www.chess.com"]

[Event "Titled Tuesday Blitz November 22 Late 2022"]
[White "Ibadov, Dashgyn"]
[Black "Kleiman, Jake"]
[WhiteFideId "24107514"]
[BlackFideId "2020041"]
[WhiteElo "2208"]
[BlackElo "2602"]
[Result "0-1"]
[Round "11"]
[TimeControl "180+1"]
[Date "2022.11.23"]
[WhiteClock "0:00:01"]
[BlackClock "0:00:03"]

1. e4 e5 2. Nf3 Nc6 3. d4 exd4 4. Nxd4 Bb4+ 5. c3 Bc5 6. Be3 Bb6 7. Nf5 Bxe3 8. Nxe3 Nf6 9. f3 O-O 10. c4 Re8 11. Nc3 d6 12. Be2 Nd7 13. O-O Nc5 14. Ncd5 a5 15. Qd2 h6 16. Qc3 Be6 17. b3 Ne5 18. Qd4 c6 19. Nc3 Qb6 20. f4 Rad8 21. Rad1 f6 22. Kh1 Bc8 23. Bh5 Nf7 24. Ned5 cxd5 25. Nxd5 Qc6 26. Nxf6+ Kf8 27. Nxe8 Rxe8 28. e5 Bf5 29. Rfe1 dxe5 30. fxe5 g6 31. Bf3 Qc7 32. e6 Nxe6 33. Qf6 Qe7 34. Qc3 Kg8 35. Qxa5 Qf6 36. Bd5 Kg7 37. Qb5 Re7 38. Bxe6 Bxe6 39. Rf1 Bf5 40. Rfe1 Rxe1+ 41. Rxe1 h5 42. Qd5 b6 43. b4 h4 44. h3 Ng5 45. c5 bxc5 46. bxc5 Qc3 47. Rf1 Kh6 48. c6 Be4 49. Qe6 Nxe6 0-1


[Site "https://www.chess.com"]

[Event "Titled Tuesday Blitz November 22 Late 2022"]
[White "Janaszak, Dawid"]
[Black "Oro, Faustino"]
[WhiteFideId "1119206"]
[BlackFideId "20000197"]
[WhiteElo "2226"]
[BlackElo "2066"]
[Result "1-0"]
[Round "11"]
[TimeControl "180+1"]
[Date "2022.11.23"]
[WhiteClock "0:02:17"]
[BlackClock "0:01:53"]

1. Nc3 Nf6 2. e4 e5 3. d4 exd4 4. Qxd4 Nc6 5. Qd3 Bc5 6. Bf4 d6 7. f3 Be6 8. O-O-O Qd7 9. Nd5 Bxd5 10. exd5 Ne7 11. Qb3 O-O-O 12. Nh3 Ng6 13. Bg5 Qe7 14. Bb5 1-0


[Site "https://www.chess.com"]

[Event "Titled Tuesday Blitz November 22 Late 2022"]
[White "Javakhadze, Zurab"]
[Black "Gutkin, Ilya"]
[WhiteFideId "13603647"]
[BlackFideId "16203470"]
[WhiteElo "2381"]
[BlackElo "2265"]
[Result "1-0"]
[Round "11"]
[TimeControl "180+1"]
[Date "2022.11.23"]
[WhiteClock "0:01:15"]
[BlackClock "0:00:01"]

1. d4 e6 2. c4 Bb4+ 3. Bd2 Qe7 4. Nf3 Nf6 5. Nc3 O-O 6. Rc1 b6 7. g3 Bb7 8. Bg2 c5 9. dxc5 bxc5 10. O-O h6 11. a3 Bxc3 12. Bxc3 Ne4 13. b4 Nxc3 14. Rxc3 a6 15. Rb3 Bc6 16. Qd2 Ba4 17. Rbb1 Nc6 18. b5 axb5 19. cxb5 Na5 20. Ne5 d5 21. Qf4 c4 22. Rb4 Nb3 23. Nxc4 dxc4 24. Bxa8 Rxa8 25. Qxc4 Nd2 26. Qc6 Rd8 27. Rxa4 Nxf1 28. Kxf1 Qg5 29. Ra8 1-0


[Site "https://www.chess.com"]

[Event "Titled Tuesday Blitz November 22 Late 2022"]
[White "Kopylov, Alexander A."]
[Black "Gritsenko, Nikolai"]
[WhiteFideId "4164857"]
[BlackFideId "14112493"]
[WhiteElo "2436"]
[BlackElo "2389"]
[Result "0-1"]
[Round "11"]
[TimeControl "180+1"]
[Date "2022.11.23"]
[WhiteClock "0:00:04"]
[BlackClock "0:00:04"]

1. e4 d6 2. d4 Nf6 3. Nc3 g6 4. g3 Bg7 5. Bg2 O-O 6. Nge2 Nc6 7. d5 Ne5 8. f4 Ned7 9. O-O c6 10. h3 h5 11. dxc6 bxc6 12. Nd4 e5 13. Nf3 Qc7 14. f5 Nc5 15. Nh4 Kh7 16. g4 d5 17. g5 Nfxe4 18. Nxe4 Nxe4 19. f6 Bh8 20. Be3 Be6 21. c3 Rad8 22. Nf3 c5 23. Nd2 Nxd2 24. Qxd2 d4 25. cxd4 cxd4 26. Bf2 Bd5 27. Bg3 Bxg2 28. Qxg2 Rfe8 29. Rac1 Qd7 30. Rfe1 e4 31. Rxe4 Rxe4 32. Qxe4 Qxh3 33. Bf2 d3 34. Rc7 Rf8 35. Rc3 d2 36. Rxh3 d1=Q+ 37. Kg2 Kg8 38. Rd3 Qb1 39. b3 Qxa2 40. Qd5 Qe2 41. Re3 Qg4+ 42. Bg3 h4 43. Rd3 hxg3 44. Rxg3 Qe2+ 45. Kh3 Rc8 46. Qd7 Qf1+ 47. Kh4 Qh1+ 48. Kg4 Qh5+ 49. Kf4 Rf8 50. Qe7 Qh4+ 51. Kf3 Qh1+ 52. Rg2 Rc8 53. Qe5 Rd8 54. Qe4 Rc8 55. Kg4 Qd1+ 56. Kf4 Rd8 57. Re2 Rd4 58. Kf3 Rxe4 59. Kxe4 Qxb3 60. Kd4 Qe6 61. Rxe6 fxe6 62. Ke5 Kf7 63. Kd6 Bxf6 64. Kc5 Bxg5 0-1


[Site "https://www.chess.com"]

[Event "Titled Tuesday Blitz November 22 Late 2022"]
[White "Koutlas, Nikolaos"]
[Black "Bogaudinov, Rushan"]
[WhiteFideId "25827138"]
[BlackFideId "4129288"]
[WhiteElo "2167"]
[BlackElo "1997"]
[Result "1-0"]
[Round "11"]
[TimeControl "180+1"]
[Date "2022.11.23"]
[WhiteClock "0:00:10"]
[BlackClock "0:00:14"]

1. e4 c5 2. Nf3 Nc6 3. d4 cxd4 4. Nxd4 g6 5. c4 Bg7 6. Be3 Nf6 7. Nc3 O-O 8. Be2 b6 9. O-O Bb7 10. Qd2 d6 11. f3 Ne5 12. Nd5 Rc8 13. b3 e6 14. Nxf6+ Bxf6 15. Nb5 d5 16. Nxa7 Ra8 17. Nb5 dxe4 18. fxe4 Bxe4 19. Rxf6 Qxf6 20. Rf1 Qd8 21. Qc3 f6 22. Rd1 Qb8 23. Nd6 Rxa2 24. Nxe4 Rxe2 25. Rf1 Ng4 26. Bf4 e5 27. Ng3 Ra2 28. Bc1 b5 29. h3 b4 30. Qf3 Qa7+ 31. Kh1 Nf2+ 32. Kh2 e4 33. Nxe4 Nxe4 34. Qxe4 Qc7+ 35. Bf4 Qd7 36. Qf3 g5 37. Bg3 Kg7 38. Rd1 Qf7 39. Qf5 Ra7 40. c5 Re8 41. c6 Re2 42. c7 Rxc7 43. Bxc7 Qxc7+ 44. Kh1 Re7 45. Qg4 Qc2 46. Rf1 Qc3 47. Qf5 Rf7 48. Rf3 Qc1+ 49. Kh2 Qc7+ 50. Kh1 Qd6 51. Qe4 Re7 52. Qc4 Re1+ 53. Rf1 Rxf1+ 54. Qxf1 Qd5 55. Qb1 f5 56. Qa1+ Kg6 57. Qa6+ Kh5 58. Qe2+ g4 59. hxg4+ fxg4 60. Qe8+ Kg5 61. Qe7+ Kf4 62. Qf6+ Ke4 63. Qg5 Kd3 64. Qxd5+ Kc3 65. Qg5 Kxb3 66. Qxg4 Ka2 67. Qh5 b3 68. Qxh7 b2 69. Qa7+ Kb3 70. Qb6+ Kc2 71. g4 b1=Q+ 72. Qxb1+ Kxb1 73. g5 Kc2 74. g6 Kd3 75. g7 Ke4 76. g8=Q 1-0


[Site "https://www.chess.com"]

[Event "Titled Tuesday Blitz November 22 Late 2022"]
[White "Kovacevic, Radmila"]
[Black "Arnold, Ken"]
[WhiteFideId "933171"]
[BlackFideId "2056836"]
[WhiteElo "2208"]
[BlackElo "2359"]
[Result "0-1"]
[Round "11"]
[TimeControl "180+1"]
[Date "2022.11.23"]
[WhiteClock "0:00:15"]
[BlackClock "0:00:51"]

1. e4 c5 2. Be2 Nc6 3. f4 e6 4. Nf3 Nf6 5. d3 d5 6. e5 Nd7 7. O-O Be7 8. Kh1 O-O 9. c4 f6 10. cxd5 exd5 11. e6 Nb6 12. f5 d4 13. Nbd2 Nd5 14. Ne4 b6 15. Qe1 Bb7 16. Qg3 Ne3 17. Bxe3 dxe3 18. Nh4 Nd4 19. Bh5 Bxe4 20. Bf7+ Rxf7 21. exf7+ Kxf7 22. dxe4 e2 23. Rfc1 Qd6 24. Qe3 Qe5 25. Nf3 Nxf3 26. gxf3 Qxb2 27. Re1 Rd8 28. Qb3+ Qxb3 29. axb3 a5 30. Rxe2 Rd3 31. b4 cxb4 32. Kg2 Bc5 33. Raa2 b3 34. Rad2 Rxd2 35. Rxd2 a4 36. Kf1 a3 37. Rd7+ Ke8 38. Rxg7 b2 39. Rxh7 b1=Q+ 40. Kg2 a2 41. Rh8+ Kf7 42. Rh7+ Kg8 43. Rh4 a1=Q 44. Rg4+ Kf7 45. Kh3 Qf1+ 46. Kh4 Qae1+ 47. Rg3 Bd6 48. e5 Bxe5 49. f4 Bxf4 50. Kh5 Bxg3 51. hxg3 Qxf5+ 52. Kh4 Qh1# 0-1


[Site "https://www.chess.com"]

[Event "Titled Tuesday Blitz November 22 Late 2022"]
[White "Lopez Mulet, Inigo"]
[Black "Gascon Del Nogal, Jose Rafael"]
[WhiteFideId "22235620"]
[BlackFideId "3902463"]
[WhiteElo "2289"]
[BlackElo "2473"]
[Result "1-0"]
[Round "11"]
[TimeControl "180+1"]
[Date "2022.11.23"]
[WhiteClock "0:00:11"]
[BlackClock "0:00:02"]

1. d4 Nf6 2. c4 e6 3. g3 d5 4. Bg2 dxc4 5. Qa4+ Nbd7 6. Nf3 a6 7. Qxc4 c5 8. O-O b5 9. Qc2 Bb7 10. Rd1 Rc8 11. Nc3 Rc6 12. dxc5 Rxc5 13. Be3 Rc8 14. Qb3 Qc7 15. Rac1 Qb8 16. Nd4 Bxg2 17. Kxg2 Qb7+ 18. f3 Nc5 19. Qc2 Be7 20. Qd2 O-O 21. b4 Na4 22. Nxa4 bxa4 23. a3 Nd5 24. Bf2 Rxc1 25. Rxc1 Rc8 26. e4 Nf6 27. h4 h6 28. Qd1 Rd8 29. Qxa4 Nxe4 30. Nc6 Nd2 31. Nxd8 Qxf3+ 32. Kg1 Ne4 33. Qe8+ Kh7 34. Qxf7 Bf6 35. Rf1 Nxg3 36. Bxg3 Qxg3+ 37. Kh1 Qxh4+ 38. Kg2 Qg4+ 39. Kh1 Qh4+ 40. Kg2 Bxd8 41. Qf3 Bg5 42. Qd3+ Kg8 43. Rf3 Qg4+ 44. Kf1 1-0


[Site "https://www.chess.com"]

[Event "Titled Tuesday Blitz November 22 Late 2022"]
[White "Machidon, Cristi"]
[Black "Przybylski, Wojciech"]
[WhiteFideId "13904590"]
[BlackFideId "1117599"]
[WhiteElo "2333"]
[BlackElo "2221"]
[Result "0-1"]
[Round "11"]
[TimeControl "180+1"]
[Date "2022.11.23"]
[WhiteClock "0:00:22"]
[BlackClock "0:01:30"]

1. e4 e5 2. Bc4 Nf6 3. Nc3 Nc6 4. d3 Bb4 5. Ne2 O-O 6. a3 Be7 7. O-O d6 8. Ng3 Nd4 9. f4 Bg4 10. Qd2 exf4 11. Rxf4 Be6 12. Bxe6 fxe6 13. Qf2 c5 14. Be3 Ng4 15. Rxf8+ Bxf8 16. Bxd4 Nxf2 17. Bxf2 Be7 18. e5 d5 19. Rf1 b6 20. Nge2 Qd7 21. Nf4 Rf8 22. Nce2 Bg5 23. Bg3 a5 24. h4 Be7 25. Rf3 Rf5 26. Kh2 a4 27. d4 Rf8 28. c4 dxc4 29. d5 exd5 30. Nc3 Rxf4 31. Rxf4 d4 32. e6 Qxe6 33. Re4 Qf7 34. Nxa4 Bd8 0-1


[Site "https://www.chess.com"]

[Event "Titled Tuesday Blitz November 22 Late 2022"]
[White "Maksimovic, Bojan"]
[Black "Goryachkina, Aleksandra"]
[WhiteFideId "14408120"]
[BlackFideId "4147103"]
[WhiteElo "2447"]
[BlackElo "2484"]
[Result "0-1"]
[Round "11"]
[TimeControl "180+1"]
[Date "2022.11.23"]
[WhiteClock "0:00:04"]
[BlackClock "0:00:25"]

1. e4 e6 2. d4 d5 3. Nc3 Bb4 4. e5 c5 5. a3 Bxc3+ 6. bxc3 Ne7 7. Nf3 b6 8. Bb5+ Bd7 9. Be2 Bc8 10. h4 Ba6 11. h5 h6 12. Bxa6 Nxa6 13. Qd3 Nb8 14. a4 Nd7 15. a5 O-O 16. a6 f6 17. Bf4 fxe5 18. Bxe5 Rf5 19. g4 Nxe5 20. Nxe5 Rf4 21. Qe3 Re4 22. O-O Rxe3 23. fxe3 Qd6 24. Rf4 Rf8 25. Rxf8+ Kxf8 26. Rf1+ Kg8 27. Kg2 Nc6 28. Ng6 e5 29. c4 dxc4 30. d5 Nd8 31. e4 Nf7 32. c3 b5 33. Ra1 b4 34. Kf3 b3 35. Ke3 Ng5 36. Rf1 Nh3 37. Kd2 Nf4 38. Nh4 Qb6 39. Nf5 b2 40. Rb1 Qb3 41. d6 Kf7 42. d7 Ne6 0-1


[Site "https://www.chess.com"]

[Event "Titled Tuesday Blitz November 22 Late 2022"]
[White "Manelyuk, Daniil"]
[Black "Toncheva, Nadya"]
[WhiteFideId "44173920"]
[BlackFideId "2924056"]
[WhiteElo "2209"]
[BlackElo "2101"]
[Result "0-1"]
[Round "11"]
[TimeControl "180+1"]
[Date "2022.11.23"]
[WhiteClock "0:00:05"]
[BlackClock "0:01:13"]

1. e4 c5 2. Nf3 Nc6 3. d4 cxd4 4. Nxd4 g6 5. c4 Bg7 6. Be3 Nf6 7. Nc3 O-O 8. Be2 d6 9. O-O Bd7 10. Qd2 Nxd4 11. Bxd4 Bc6 12. f3 Nd7 13. Be3 a5 14. b3 Nc5 15. Rab1 Qb6 16. Rfc1 Rfc8 17. Rc2 h5 18. Qc1 Qd8 19. a3 Kh7 20. Nd5 Bxd5 21. cxd5 a4 22. b4 Nb3 23. Qd1 Rxc2 24. Qxc2 Rc8 25. Qd1 Rc3 26. Bf2 Qc7 27. Bb5 Nc1 28. Qxa4 Nd3 29. Bxd3 Rxd3 30. Rd1 b5 31. Rxd3 bxa4 32. g3 Qc1+ 33. Kg2 Qc2 34. Re3 Bd4 0-1


[Site "https://www.chess.com"]

[Event "Titled Tuesday Blitz November 22 Late 2022"]
[White "Martinez Alcantara, Jose Eduardo"]
[Black "Gadimbayli, Abdulla"]
[WhiteFideId "3805662"]
[BlackFideId "13404938"]
[WhiteElo "2705"]
[BlackElo "2399"]
[Result "1-0"]
[Round "11"]
[TimeControl "180+1"]
[Date "2022.11.23"]
[WhiteClock "0:01:47"]
[BlackClock "0:00:14"]

1. e4 e5 2. Nf3 d5 3. exd5 e4 4. Qe2 Nf6 5. d3 Bb4+ 6. Nbd2 O-O 7. dxe4 Re8 8. c3 Bd6 9. Qc4 Nxe4 10. Nxe4 f5 11. Ng5 fxe4 12. Ne6 Qe7 13. Qxe4 c6 14. Bd3 g6 15. c4 Qf6 16. O-O Bxe6 17. dxe6 Rxe6 18. Bg5 Qf7 19. Qh4 Nd7 20. f4 Re3 21. Rad1 Nc5 22. Bb1 Ne4 23. Bxe4 Bc5 24. b4 Rh3+ 25. bxc5 Rxh4 26. Bxh4 Re8 27. Bf3 Kg7 28. Bf2 Qxc4 29. Rd7+ Kh6 30. f5 gxf5 31. Bd4 Re6 32. h4 f4 33. Bg4 Rg6 34. Bf5 Rg3 35. Rxh7# 1-0


[Site "https://www.chess.com"]

[Event "Titled Tuesday Blitz November 22 Late 2022"]
[White "Melkumyan, Hrant"]
[Black "Chigaev, Maksim"]
[WhiteFideId "13302485"]
[BlackFideId "4108116"]
[WhiteElo "2604"]
[BlackElo "2541"]
[Result "0-1"]
[Round "11"]
[TimeControl "180+1"]
[Date "2022.11.23"]
[WhiteClock "0:00:01"]
[BlackClock "0:00:02"]

1. c4 e5 2. g3 c6 3. Nf3 e4 4. Nd4 d5 5. cxd5 Qxd5 6. Nc2 Nf6 7. Nc3 Qe5 8. Bg2 Na6 9. O-O Be7 10. d4 exd3 11. exd3 Bg4 12. Qd2 O-O 13. Re1 Qc7 14. d4 Rad8 15. Qd3 Nc5 16. Qc4 Be6 17. Qe2 Na6 18. Bf4 Qb6 19. Qd2 Nb4 20. Be5 Nxc2 21. Qxc2 Ng4 22. Bf4 Rxd4 23. h3 Rxf4 24. gxf4 Nxf2 25. Na4 Nxh3+ 26. Kh2 Qc7 27. Bxh3 Qxf4+ 28. Kh1 Qh4 29. Qh2 Qxa4 30. Bxe6 fxe6 31. Qh3 Bf6 32. b3 Qf4 33. Qxe6+ Kh8 34. Rad1 Qh4+ 35. Kg2 Qg5+ 36. Kh1 Qh5+ 37. Kg2 Qg6+ 38. Kh1 h6 39. Qh3 Re8 40. Rg1 Qe4+ 41. Rg2 Kh7 42. Rf1 Re6 43. Qg3 Re7 44. Rxf6 Qe1+ 45. Rf1 Qxf1+ 46. Kh2 Qf5 47. Rf2 Qe5 48. Re2 Qxg3+ 0-1


[Site "https://www.chess.com"]

[Event "Titled Tuesday Blitz November 22 Late 2022"]
[White "Mikhalsky, Vladimir"]
[Black "vjecspec"]
[WhiteFideId "14144352"]
[WhiteElo "2271"]
[BlackElo "2575"]
[Result "0-1"]
[Round "11"]
[TimeControl "180+1"]
[Date "2022.11.23"]
[WhiteClock "0:00:07"]
[BlackClock "0:00:22"]

1. e4 g6 2. d4 Bg7 3. Nc3 d6 4. f4 a6 5. Nf3 b5 6. e5 Nd7 7. Bd3 c5 8. exd6 exd6 9. O-O Ne7 10. f5 O-O 11. Be4 Rb8 12. Bg5 Nf6 13. Bxf6 Bxf6 14. fxg6 hxg6 15. Nd5 Nxd5 16. Bxd5 Bb7 17. Bxb7 Rxb7 18. Qd3 Re8 19. Rae1 Rbe7 20. Rxe7 Qxe7 21. dxc5 dxc5 22. c3 c4 23. Qd2 Rd8 24. Qf2 Kg7 25. h3 Rd3 26. Nh2 Bh4 27. Qf4 Bg3 28. Qc1 Bxh2+ 29. Kxh2 Qd6+ 30. Qf4 Qxf4+ 31. Rxf4 Rd2 32. b3 cxb3 33. axb3 Rd3 34. c4 Rxb3 35. cxb5 Rxb5 36. Ra4 a5 37. Kg3 f5 38. h4 Kh6 39. Kh3 Kh5 40. g3 Rc5 41. Ra3 Rb5 42. Ra4 Kh6 43. Ra3 Kg7 44. Ra4 Kf6 45. Ra3 Ke5 46. h5 gxh5 47. Kh4 f4 48. gxf4+ Kxf4 49. Ra4+ Ke3 50. Ra3+ Kd2 51. Ra2+ Kc3 52. Ra3+ Kb2 53. Rf3 a4 54. Rf2+ Ka3 55. Rf3+ Kb4 56. Rf4+ Ka5 57. Rf8 a3 58. Ra8+ Kb4 59. Ra7 Kb3 60. Ra8 a2 61. Kg3 Kb2 62. Kg2 a1=Q 63. Rxa1 Kxa1 64. Kh3 Kb2 65. Kh4 Kc3 0-1


[Site "https://www.chess.com"]

[Event "Titled Tuesday Blitz November 22 Late 2022"]
[White "Milchev, Nikolay"]
[Black "Khandelwal, Ankush"]
[WhiteFideId "2906090"]
[BlackFideId "413470"]
[WhiteElo "2449"]
[BlackElo "2271"]
[Result "1-0"]
[Round "11"]
[TimeControl "180+1"]
[Date "2022.11.23"]
[WhiteClock "0:01:52"]
[BlackClock "0:00:44"]

1. Nf3 Nf6 2. c4 g6 3. Nc3 Bg7 4. e4 d6 5. d4 O-O 6. h3 Na6 7. Be3 e5 8. dxe5 dxe5 9. c5 Qe7 10. Bxa6 bxa6 11. O-O Rb8 12. Qc2 Nd7 13. Nd5 Qd8 14. c6 Nb6 15. Rfd1 Nxd5 16. Rxd5 Qe8 17. Bxa7 Rb5 18. Bc5 Qxc6 19. a4 Rb8 20. Qc3 Re8 21. Nxe5 Qe6 22. Bd4 Bb7 23. Rc5 Bxe4 24. Re1 Ba8 25. Re3 Qa2 26. Rxc7 Rxb2 27. Qxb2 Qxa4 28. Nf3 Bxf3 29. Rxe8+ Qxe8 30. Bxg7 Qe1+ 31. Kh2 1-0


[Site "https://www.chess.com"]

[Event "Titled Tuesday Blitz November 22 Late 2022"]
[White "Necromon"]
[Black "Clawitter, Craig"]
[BlackFideId "2023105"]
[WhiteElo "2473"]
[BlackElo "2276"]
[Result "1-0"]
[Round "11"]
[TimeControl "180+1"]
[Date "2022.11.23"]
[WhiteClock "0:01:08"]
[BlackClock "0:00:11"]

1. Nf3 Nf6 2. g3 e6 3. Bg2 d5 4. O-O Be7 5. c4 O-O 6. cxd5 exd5 7. Qc2 c6 8. d3 Re8 9. e4 Na6 10. a3 dxe4 11. dxe4 Nc5 12. e5 Nd5 13. b4 Ne6 14. Nc3 Nxc3 15. Qxc3 a5 16. Be3 Nc7 17. Rfd1 Nd5 18. Qb2 axb4 19. axb4 Rxa1 20. Qxa1 Bxb4 21. Bg5 Qb6 22. Nd4 h6 23. Bd2 Bxd2 24. Rxd2 Be6 25. Nxe6 Rxe6 26. Bxd5 cxd5 27. Rxd5 Qc7 28. Qd4 Rc6 29. Kg2 Rc4 30. Qd3 Qc6 31. Kh3 b5 32. Rd8+ 1-0


[Site "https://www.chess.com"]

[Event "Titled Tuesday Blitz November 22 Late 2022"]
[White "Novikova, Galina"]
[Black "Mesa Cruz, Juan Carlos"]
[WhiteFideId "4157095"]
[BlackFideId "6423400"]
[WhiteElo "1973"]
[BlackElo "2059"]
[Result "0-1"]
[Round "11"]
[TimeControl "180+1"]
[Date "2022.11.23"]
[WhiteClock "0:00:17"]
[BlackClock "0:00:09"]

1. e4 c5 2. Nf3 d6 3. d4 cxd4 4. Nxd4 Nf6 5. Nc3 a6 6. h3 e5 7. Nde2 Be6 8. g4 d5 9. Bg2 d4 10. Nb1 Be7 11. O-O Nc6 12. Ng3 O-O 13. Nd2 Rc8 14. a3 Ne8 15. Nf5 g6 16. Nxe7+ Qxe7 17. Nf3 f6 18. Ne1 g5 19. Nd3 Ng7 20. Bd2 Bc4 21. Rc1 Rfd8 22. Re1 Ne6 23. Qf3 Bxd3 24. cxd3 Qf7 25. Rc4 b5 26. Rc2 Ne7 27. Rec1 Rxc2 28. Rxc2 Rc8 29. Rxc8+ Nxc8 30. Bb4 Nf4 31. Bd2 Ne6 32. Bf1 Ne7 33. Be2 Ng6 34. Bd1 Nef4 35. Bc2 Qa2 36. Bc1 Qa1 37. Qd1 Qxc1 38. Bb3+ Kg7 39. Qxc1 Ne2+ 40. Kf1 Nxc1 41. Bc2 b4 42. Ke1 bxa3 43. bxa3 Na2 44. a4 a5 45. Kd2 Nf4 46. Bb3 Nb4 47. Bc4 Nxh3 48. f3 Nf4 49. Bb5 h5 50. gxh5 Kh6 51. Be8 Nfxd3 52. Bf7 Nf4 53. Kc1 Nxh5 54. Kb2 Nf4 55. Kb3 d3 56. Kc3 Ne2+ 57. Kd2 Nd4 58. Bc4 Nxf3+ 59. Ke3 d2 60. Be2 Nd4 61. Bd1 g4 62. Bxg4 Kg5 63. Bd1 Na6 64. Kxd2 Nc5 65. Kc3 Kf4 66. Kc4 Nxe4 67. Kd5 Ke3 68. Bh5 Nc3+ 69. Kd6 Nxa4 70. Ke7 f5 71. Kf6 e4 72. Ke5 f4 73. Bg6 Nc3 74. Kd6 f3 75. Kc5 f2 76. Kc4 f1=Q+ 77. Kc5 Qb5+ 78. Kd6 Qd5+ 79. Kc7 Ncb5+ 80. Kc8 Qc6+ 81. Kd8 Qc7+ 82. Ke8 Nd6+ 83. Kf8 Ne6+ 84. Kg8 Qg7# 0-1


[Site "https://www.chess.com"]

[Event "Titled Tuesday Blitz November 22 Late 2022"]
[White "Pakleza, Zbigniew"]
[Black "Sokolovsky, Yahli"]
[WhiteFideId "1119290"]
[BlackFideId "2820242"]
[WhiteElo "2411"]
[BlackElo "2316"]
[Result "1-0"]
[Round "11"]
[TimeControl "180+1"]
[Date "2022.11.23"]
[WhiteClock "0:00:55"]
[BlackClock "0:00:04"]

1. d4 d6 2. Nf3 g6 3. Bf4 Bg7 4. e3 Nf6 5. h3 O-O 6. Be2 c5 7. c3 cxd4 8. cxd4 Nc6 9. Nc3 Qa5 10. O-O e5 11. Bh2 e4 12. Nd2 d5 13. Rc1 Qd8 14. Qb3 Na5 15. Qa3 Bd7 16. Ncxe4 Nxe4 17. Nxe4 dxe4 18. Bc7 Qg5 19. Qxa5 b5 20. Rc5 Qh4 21. Bg3 Qd8 22. Qxd8 Rfxd8 23. Bxb5 Bf8 24. Rd5 Be6 25. Rxd8 Rxd8 26. Rc1 Bxa2 27. Ra1 Bd5 28. Rxa7 Rc8 29. Bc7 Bb4 30. Bd7 Rf8 31. Ra4 Be7 32. b4 Bb3 33. Ra7 Bd5 34. b5 Ra8 35. Rxa8+ Bxa8 36. Bc6 Bxc6 37. bxc6 Kf8 38. d5 Ke8 39. d6 1-0


[Site "https://www.chess.com"]

[Event "Titled Tuesday Blitz November 22 Late 2022"]
[White "Papasimakopoulos, Alexandros"]
[Black "Gurevich, Dmitry"]
[WhiteFideId "4244125"]
[BlackFideId "2000407"]
[WhiteElo "2365"]
[BlackElo "2506"]
[Result "1-0"]
[Round "11"]
[TimeControl "180+1"]
[Date "2022.11.23"]
[WhiteClock "0:00:28"]
[BlackClock "0:00:03"]

1. d4 Nf6 2. c4 a6 3. Nc3 c5 4. Nf3 cxd4 5. Nxd4 d5 6. cxd5 Nxd5 7. e4 Nxc3 8. bxc3 e5 9. Nf3 Qxd1+ 10. Kxd1 f6 11. Bc4 Bc5 12. Ke2 Ke7 13. Bd5 Nd7 14. Nd2 Nb6 15. c4 Nxd5 16. cxd5 b6 17. Nb3 Bd6 18. Be3 Rb8 19. Rhc1 a5 20. Rc6 a4 21. Nd2 b5 22. Bc5 Bxc5 23. Rxc5 Bd7 24. Rb1 Rhc8 25. Rxc8 Rxc8 26. Kd3 Kd6 27. a3 g6 28. f3 h5 29. h4 g5 30. hxg5 fxg5 31. Rh1 h4 32. Nb1 Rc4 33. Nc3 Rd4+ 34. Ke3 b4 35. axb4 Rxb4 36. Ra1 Kc5 37. Rc1 Rb3 38. Kd2 Kb4 39. d6 a3 40. Nd5+ Kb5 41. Rc7 a2 42. Ra7 Rb2+ 43. Ke3 Rxg2 44. Nc3+ Kc5 45. Nxa2 Kxd6 46. Nc3 h3 47. Ra6+ Bc6 48. Ra7 h2 49. Rh7 Kc5 50. Rh6 Bb5 51. Rh8 Kb4 52. Nxb5 Kxb5 53. f4 gxf4+ 54. Kf3 Rg3+ 55. Kf2 Re3 56. Rxh2 Rxe4 57. Rh8 Kc4 58. Rd8 Rd4 59. Re8 Kd5 60. Kf3 Rd3+ 61. Kg4 Ke4 62. Ra8 Rg3+ 63. Kh4 Rg7 64. Ra4+ Kf5 65. Kh3 f3 66. Kh2 e4 67. Ra7 Kf4 68. Rxg7 Ke3 69. Ra7 Ke2 70. Ra2+ 1-0


[Site "https://www.chess.com"]